 Dungeon Crawl Stone Soup version 0.30-a0-930-gb9d0489357 (webtiles) character file.

Game seed: 5016937509561595575

5068 Darkkill the Skirmisher (level 10, -3/91 HPs)
             Began as a Minotaur Hunter on Mar 23, 2023.
             Was a Priest of Trog.
             Slain by a troll (5 damage)
             ... on level 9 of the Dungeon.
             The game lasted 00:18:21 (6773 turns).

Darkkill the Skirmisher (Minotaur Hunter)           Turns: 6773, Time: 00:18:22

Health: -3/91      AC:  7    Str: 19    XL:     10   Next: 31%
Magic:  9/9        EV: 17    Int:  6    God:    Trog [***...]
Gold:   375        SH:  0    Dex: 18    Spells: 9/9 levels left

rFire   . . .      SeeInvis .    b - +6 shillelagh "Devastator" {shatter}
rCold   . . .      Faith    .    (no shield)
rNeg    . . .      Spirit   .    c - +1 leather armour
rPois   .          Reflect  .    (helmet restricted)
rElec   .          Rampage  .    f - scarf {repulsion}
rCorr   .                        s - +0 pair of gloves {Str+3}
Will    .....                    n - +1 pair of boots
Stlth   +++                      y - amulet of regeneration
HPRegen 1.15/turn                (no ring)
MPRegen 0.11/turn                (no ring)

@: studying Staves, repel missiles
A: horns 2, retaliatory headbutt
a: Renounce Religion, Berserk, Trog's Hand


You were on level 9 of the Dungeon.
You worshipped Trog.
Trog was most pleased with you.
You visited 1 branch of the dungeon, and saw 9 of its levels.

You collected 375 gold pieces.

Inventory:

Hand Weapons
 a - the +7 sling "Hydra's Undoing" {flame, *Corrode rF+ MP+9 Str+5}
   (You found it on level 2 of the Dungeon)

   Str:       It affects your strength (+5).
   rF:        It protects you from fire.
   MP:        It affects your magic capacity (+9).
   *Corrode:  It may corrode you when you take damage.
 b - the +6 shillelagh "Devastator" (weapon) {shatter}
   (You found it on level 4 of the Dungeon)
Missiles
 d - 88 stones
 i - 2 silver boomerangs
 o - 8 boomerangs
 t - 13 poisoned darts
 v - a throwing net {=f !f}
Armour
 c - a +1 leather armour (worn)
 f - a scarf of repulsion (worn)
 n - a +1 pair of boots (worn)
 s - a +0 pair of gloves of strength (worn)
Jewellery
 y - an amulet of regeneration (around neck)
Wands
 w - a wand of digging (2)
 A - a wand of iceblast (10)
 B - a wand of polymorph (9)
Scrolls
 h - 2 scrolls of immolation
 l - 3 scrolls of teleportation
 p - 3 scrolls of fog
Potions
 e - 2 potions of haste
 j - 2 potions of brilliance
 k - 4 potions of flight
 m - a potion of might
 r - a potion of lignification
 x - a potion of magic {unknown}
 z - 2 potions of ambrosia
 D - a potion of curing {@q1}
Miscellaneous
 g - a piece from Xom's chessboard (15/15)


   Skills:
 + Level 9.5 Fighting
 + Level 9.5 Ranged Weapons
 + Level 8.7 Dodging
 + Level 7.0 Stealth


You had 9 spell levels left.
You didn't know any spells.
Your spell library contained the following spells:

 Spells                   Type           Power      Damage    Failure   Level
 Necrotise                Necr           0%         1d4       52%         1
 Dazzling Flash           Conj/Hex       0%         N/A       87%         3
 Vampiric Draining        Necr           0%         2d6       87%         3
 Iskenderun's Mystic Bla  Conj/Tloc      0%         2d3       99%         4
 Agony                    Necr           0%         N/A       100%        5
 Starburst                Conj/Fire      0%         6d3       100%        6


Dungeon Overview and Level Annotations

Branches:
Dungeon (9/15)             Temple (0/1) D:4
   Lair: D:8-11         Orc: D:9-12

Altars:
Ashenzari
Cheibriados
Ru
Trog
Wu Jian
Zin

Annotations:
D:4 4 runed translucent doors


Innate Abilities, Weirdness & Mutations

You have a pair of horns on your head.
You reflexively headbutt those who attack you in melee.


Message History

Found 13 gold pieces.
There is a stone staircase leading up here.
You now have 375 gold pieces (gained 13).
You open the door.
There is an open door here.
d - 88 stones (gained 3)
A wyvern and a cyclops come into view.
Found a stone staircase leading down.
Your line of fire to the cyclops is blocked by a plant.
There are monsters nearby!
Your line of fire to the cyclops is blocked by a plant.
A troll and an electric eel come into view.
The wyvern hisses angrily.
The cyclops shouts!
You hear a shout! x2
You shoot a sling bullet. The troll shouts!
The sling bullet hits the cyclops.
The sling bullet burns the cyclops.
The cyclops is lightly wounded.
You shoot a sling bullet. The sling bullet hits the cyclops!
The sling bullet burns the cyclops.
The cyclops is moderately wounded.
An electric eel comes into view.
An orc warrior comes into view. It is wielding a +0 scimitar.
You shoot a sling bullet. The sling bullet hits the cyclops!
The sling bullet burns the cyclops!
The cyclops is almost dead.
The troll bites the plant!
The plant begins to die.
The troll claws the plant! x2
The electric eel shoots out a bolt of lightning at you!
The bolt of electricity hits the plant!
The bolt of electricity misses you. The bolt of electricity hits you!
You shoot a sling bullet. The sling bullet hits the cyclops.
The sling bullet burns the cyclops.
You kill the cyclops!
Trog accepts your kill.
The electric eel shoots out a bolt of lightning at you!
The bolt of electricity hits the electric eel.
The electric eel completely resists.
The bolt of electricity hits the plant.
The bolt of electricity hits you!
The electric eel shoots out a bolt of lightning at you!
The bolt of electricity hits the plant!
The bolt of electricity hits you! x2
Your Stealth skill increases to level 7!
You are too injured to fight recklessly!
Fire: a) +7 sling "Hydra's Undoing" {flame, *Corrode rF+ MP+9 Str+5}
Press: ? - help, Q - select action, (/) - cycle Shift-Dir - straight line, f - troll
Aim: a troll (73% to hit)
You shoot a sling bullet. The sling bullet hits the troll.
The sling bullet burns the troll.
The troll is lightly wounded.
The electric eel shoots out a bolt of lightning at you!
The bolt of electricity hits the plant.
The bolt of electricity hits you!
Fire: a) +7 sling "Hydra's Undoing" {flame, *Corrode rF+ MP+9 Str+5}
Press: ? - help, Q - select action, (/) - cycle Shift-Dir - straight line, f/p - troll
Aim: a troll (lightly wounded, 73% to hit)
You shoot a sling bullet. The sling bullet hits the wyvern.
The sling bullet burns the wyvern.
The wyvern is lightly wounded.
The wyvern bites you but does no damage.
The electric eel shoots out a bolt of lightning at you!
The bolt of electricity hits the plant!
The bolt of electricity hits the wyvern!
The bolt of electricity hits you. The bolt of electricity hits you!
A gnoll sergeant comes into view. It is wielding a +0 spear.
The wyvern bites you but does no damage.
Fire: a) +7 sling "Hydra's Undoing" {flame, *Corrode rF+ MP+9 Str+5}
Press: ? - help, Q - select action, (/) - cycle Shift-Dir - straight line, f/p - troll
Aim: a troll (lightly wounded, 73% to hit)
Okay, then.
Fire: a) +7 sling "Hydra's Undoing" {flame, *Corrode rF+ MP+9 Str+5}
Press: ? - help, Q - select action, (/) - cycle Shift-Dir - straight line, f/p - troll
Aim: a troll (lightly wounded, 73% to hit)
You shoot a sling bullet. The sling bullet hits the troll!
The sling bullet burns the troll.
The troll is heavily wounded.
The troll closely misses you. The troll barely misses you.
The troll misses you.
Fire: a) +7 sling "Hydra's Undoing" {flame, *Corrode rF+ MP+9 Str+5}
Press: ? - help, Q - select action, (/) - cycle Shift-Dir - straight line, f/p - troll
Aim: a troll (heavily wounded, 73% to hit)
You shoot a sling bullet. The sling bullet hits the troll!
The sling bullet burns the troll.
The troll is severely wounded.
The troll closely misses you. The troll claws you!
* * * LOW HITPOINT WARNING * * *
The troll claws you but does no damage. The troll attacks as you move away!
The troll bites you.
* * * LOW HITPOINT WARNING * * *
The troll barely misses you. The troll claws you but does no damage.
You feel your magic capacity decrease.
The +7 sling "Hydra's Undoing" {flame, *Corrode rF+ MP+9 Str+5} stops flaming.
Time to lay down the shillelagh law.
b - the +6 shillelagh "Devastator" (weapon)
{shatter} The troll barely misses you.
The troll misses you. The troll closely misses you.
You completely miss the troll.
The troll is severely wounded.
The troll bites you!
* * * LOW HITPOINT WARNING * * *
The troll claws you!
* * * LOW HITPOINT WARNING * * *
The troll claws you.
You die...

#.#.### ## ..~g~~~ #.#...#
#. .~♣≈~~~ #.###.# #.
..~≈o~. #.# #.#####.
.~.~.S~P.######.# #.......
.~~~~P~........#######....
. .~SP..###.#....≈≈≈...###
#..P♣(.####.#.##+###'###
.>.....lT@.....#.....#
#.#########.#.########
#.#.# #.#.# #.#.# ....#
#.#.# #.#.#


You could see a troll, a wyvern and an electric eel.

Vanquished Creatures
  A cyclops (D:9)
  Sigmund (D:6)
  5 yaks
  4 steam dragons
  An acid dragon (D:8)
  2 water moccasins
  4 black bears
  An ice beast (D:7)
  2 sky beasts (D:6)
  An ogre (D:6)
  5 centaurs
  4 bullfrogs
  A gnoll sergeant (D:8)
  2 scorpions
  3 wights (D:7)
  5 killer bees (D:8)
  4 jellies
  2 hounds
  4 orc priests
  A sleepcap (D:5)
  10 iguanas
  Terence (D:3)
  8 orc wizards
  3 adders
  11 gnolls
  A shadow imp (D:6)
  A worm (D:5)
  23 orcs
  9 endoplasms
  4 giant cockroaches
  14 goblins
  9 hobgoblins
  7 jackals (D:2)
  6 quokkas
  10 ball pythons
  3 bats
  4 frilled lizards
  9 kobolds
  2 rats
188 creatures vanquished.

Vanquished Creatures (others)
  11 plants
11 creatures vanquished.

Grand Total: 199 creatures vanquished

Notes
Turn   | Place    | Note
-------+----------+-------------------------------------------
     0 | D:1      | Darkkill the Minotaur Hunter began the quest for the Orb.
     0 | D:1      | Reached XP level 1. HP: 18/18 MP: 0/0
    69 | D:1      | Reached skill level 1 in Stealth
    69 | D:1      | Reached XP level 2. HP: 24/25 MP: 1/1
   300 | D:1      | Reached XP level 3. HP: 26/31 MP: 2/2
   764 | D:2      | Identified the +7 sling "Hydra's Undoing" {flame, *Corrode
                  | rF+ MP+9 Str+5}
  1162 | D:2      | Found a bloodstained altar of Trog.
  1324 | D:2      | Reached XP level 4. HP: 38/38 MP: 3/3
  1561 | D:2      | Became a worshipper of Trog the Wrathful
  1576 | D:3      | Noticed Terence
  1578 | D:3      | Killed Terence
  1579 | D:3      | Reached skill level 5 in Ranged Weapons
  1791 | D:3      | Reached XP level 5. HP: 46/46 MP: 4/4
  1842 | D:3      | Found an ornate altar of the Wu Jian Council.
  2382 | D:4      | Found a staircase to the Ecumenical Temple.
  2393 | D:4      | Reached XP level 6. HP: 53/53 MP: 5/5
  2475 | D:4      | Found a large runed translucent door.
  2475 | D:4      | Found a large runed translucent door.
  2482 | D:4      | Reached * piety under Trog
  2543 | D:4      | Found a large runed translucent door.
  2543 | D:4      | Found a large runed translucent door.
  2550 | D:4      | Found the +6 shillelagh "Devastator" {shatter}
  2657 | D:4      | Noticed a steam dragon
  2668 | D:4      | Killed a steam dragon
  2977 | D:4      | Noticed a steam dragon
  2992 | D:4      | Killed a steam dragon
  2993 | D:4      | Reached skill level 5 in Fighting
  2993 | D:4      | Reached XP level 7. HP: 29/61 MP: 6/6
  3360 | D:5      | Entered Level 5 of the Dungeon
  3430 | D:5      | Reached skill level 5 in Dodging
  3990 | D:6      | Reached ** piety under Trog
  3990 | D:6      | Noticed a steam dragon
  3994 | D:6      | Reached XP level 8. HP: 67/70 MP: 7/7
  4004 | D:6      | Noticed Sigmund
  4006 | D:6      | Killed Sigmund
  4292 | D:6      | Reached skill level 5 in Stealth
  4643 | D:6      | Reached XP level 9. HP: 79/79 MP: 8/8
  4920 | D:7      | Found a broken altar of Ashenzari.
  5061 | D:7      | Found a snail-covered altar of Cheibriados.
  5201 | D:7      | Found a glowing silver altar of Zin.
  5447 | D:7      | Reached XP level 10. HP: 38/91 MP: 9/9
  5605 | D:8      | Reached *** piety under Trog
  5691 | D:8      | HP: 18/91 [killer bee (8)]
  5699 | D:8      | HP: 16/91 [centaur/arrow (10)]
  5703 | D:8      | HP: 5/91 [centaur/arrow (12)]
  5961 | D:8      | Identified the +5 war axe "Cehakuud" {drain, Dex+3}
  6212 | D:8      | Found a sacrificial altar of Ru.
  6760 | D:9      | Noticed a cyclops
  6765 | D:9      | Killed a cyclops
  6773 | D:9      | HP: 10/91 [troll (14)]
  6773 | D:9      | HP: 2/91 [troll (8)]
  6773 | D:9      | Slain by a troll

Illustrated notes

Levels and vault maps discovered:
D:1:      dpeg_arrival_simpleton_b, layout_basic, minmay_splitting_lines,
          minmay_crystal_water
D:2:      layout_loops_corners, basic_altar
D:3:      minmay_angry_zag, layout_rooms, nicolae_wu_jian_immortal_techniques,
          minmay_misc_feat_tower, serial_bayou_ford_a, uniq_terence
D:4:      layout_cave_pools, temple_doors_e, minmay_hollow_rounded_squares
D:5:      layout_loops_ring
D:6:      layout_basic, uniq_sigmund
D:7:      layout_rooms, zin_treasury, ashenzari_altar_1,
          mainiacjoe_overflow_alcove_2
D:8:      layout_basic, mainiacjoe_overflow_alcove_4
D:9:      layout_basic, mainiacjoe_overflow_surrounded_room,
          nicolae_qazlal_general_emergency, fedhas_bush_and_centaur_altar,
          david_orc_5, serial_bayou, serial_bayou_pond_a, serial_bayou_pond_b,
          serial_bayou_pond_b, serial_bayou_lagoon_a, corexii_corridor_pit,
          uniq_erica

Skill      XL: |  1  2  3  4  5  6  7  8  9 10 |
---------------+-------------------------------+-----
Stealth        | 1 2 3 4 5 6 7 |  7.0
Fighting       | 3 4 5 6 7 9 |  9.5
Dodging        | 3 4 5 6 8 |  8.7
Ranged Weapons | 5 6 7 9 |  9.5

Action                     |  1- 3 |  4- 6 |  7- 9 | 10-12 || total
---------------------------+-------+-------+-------+-------++-------
  Melee: Shillelagh        |       |       |       |     1 ||     1
   Fire: Shortbow          |    68 |       |       |       ||    68
         Sling             |    21 |   117 |   218 |    78 ||   434
  Evoke: Wand              |       |       |     1 |       ||     1
         Piece from Xom's  |       |       |     1 |       ||     1
    Use: Scroll            |     3 |     8 |     8 |     2 ||    21
         Potion            |       |       |       |     5 ||     5
 Armour: Leather armour    |     5 |    10 |    10 |     6 ||    31
  Dodge: Dodged            |    14 |    43 |    52 |    62 ||   171
         Repelled          |       |       |     2 |       ||     2

Table legend: (Time is in decaauts)
 A = Elapsed time spent in this place.
 B = Non-inter-level travel time spent in this place.
 C = Inter-level travel time spent in this place.
 D = Time resting spent in this place.
 E = Time spent auto-exploring this place.
 F = Levels seen in this place.
 G = Mean time per level.
                   A        B        C        D        E       F      G
               +--------+--------+--------+--------+--------+-----+--------+
         Total |   6828 |   6538 |    290 |    268 |   5296 |   9 |  758.7 |
       Dungeon |   6828 |   6538 |    290 |    268 |   5296 |   9 |  758.7 |
               +--------+--------+--------+--------+--------+-----+--------+

Top non-repeatable levels by time:
     D:4: 1180 daAuts
     D:8: 1120 daAuts
     D:2: 937 daAuts
     D:6: 927 daAuts
     D:7: 673 daAuts
     D:1: 664 daAuts
     D:5: 631 daAuts
     D:3: 628 daAuts
     D:9: 63 daAuts

Table legend:
 A = Kills in this place as a percentage of kills in the entire game.
 B = Kills by you in this place as a percentage of kills by you in the entire game.
 C = Kills by friends in this place as a percentage of kills by friends in the entire game.
 D = Other kills in this place as a percentage of other kills in the entire game.
 E = Experience gained in this place as a percentage of experience gained in the entire game.
 F = Experience gained in this place divided by the number of levels of this place that you have seen.
                   A       B       C       D       E      F
               +-------+-------+-------+-------+-------+----------------------
         Total | 100.0 | 100.0 |   N/A |   N/A | 100.0 | 804.6
       Dungeon | 100.0 | 100.0 |   N/A |   N/A | 100.0 | 804.6
               +-------+-------+-------+-------+-------+----------------------
